AoeStats
← Dope Ass Name

Enclosed

504376818Analyzed
1v1 RM · 27d ago on Sep 5, 2026· 34m 4s· 2 players
Game mode
Random Map
Map size
Tiny (2 player)
Population
200
Speed
Normal
Resources
Standard
Victory
Conquest
Starting age
Dark Age
Ending age
Imperial Age
RankedLock teamsTeams togetherTeam positionsShared explorationLock speedFull tech treeHidden civsTurbo modeCheats
Victory
Defeat
🇺🇸 Bulgarians · United States
773
+16
🇮🇳 Britons · India
765
-16
PewPw
0:36 Loom
10:34 Feudal Age
11:07 Double-Bit Axe
11:43 Horse Collar
13:23 Wheelbarrow
17:10 Castle Age
16:24 Gold Mining
17:29 Fletching
21:03 Padded Archer Armor
23:08 Bodkin Arrow
24:11 Heavy Plow
24:09 Crossbowman
27:45 Hand Cart
27:17 Town Watch
29:27 Town Patrol
35:40 Imperial Age
Dope Ass Name
4:55 Loom
11:23 Feudal Age
12:00 Double-Bit Axe
18:01 Castle Age
17:32 Stone Mining
17:43 Fletching
18:57 Horse Collar
21:25 Bodkin Arrow
21:26 Gold Mining
25:37 Scale Barding Armor
27:23 Forging
27:13 Scale Mail Armor
29:07 Chain Barding Armor
31:06 Gold Shaft Mining
33:27 Wheelbarrow
34:13 Iron Casting
Connection lost

Rejoining the realm…

Still unreachable

The connection could not be restored.

Session expired

The server has moved on; the page needs a fresh start.